 Dungeon Crawl Stone Soup version 0.32-a0-814-g0968bab (webtiles) character file.

Game seed: 15298189080551925697

137 RaineAsh the Shooter (level 5, 0/33 HPs)
             Began as a Kobold Hunter on Mar 22, 2024.
             Slain by a centaur (4 damage)
             ... on level 4 of the Dungeon.
             The game lasted 00:09:10 (3437 turns).

RaineAsh the Shooter (Kobold Hunter)                Turns: 3437, Time: 00:09:11

Health: 0/33       AC:  4    Str: 10    XL:     5   Next: 43%
Magic:  5/5        EV: 13    Int: 11    God:
Gold:   124        SH:  0    Dex: 18    Spells: 4/4 levels left

rFire   . . .        a - +0 shortbow
rCold   . . .        (shield currently unavailable)
rNeg    . . .        c - +0 leather armour
rPois   .            l - +0 helmet
rElec   .            (no cloak)
rCorr   .            (no gloves)
SInv    .            (no boots)
Will    .....        g - amulet of regeneration
Stlth   +++          (no ring)
HPRegen 1.05/turn    (no ring)
MPRegen 0.09/turn

%: no passive effects
@: no status effects
A: small, no large weapons, nightstalker 3
a: no special abilities


You were on level 4 of the Dungeon.
You visited 1 branch of the dungeon, and saw 4 of its levels.

You collected 124 gold pieces.

Inventory:

Hand Weapons
 a - a +0 shortbow (weapon)
 b - a +2 dagger of venom
   (You took it off a goblin on level 3 of the Dungeon)
Missiles
 d - 50 stones
 n - 2 throwing nets
Armour
 c - a +0 leather armour (worn)
 f - a +0 buckler
   (You found it on level 3 of the Dungeon)
 l - a +0 helmet (worn)
   (You found it on level 2 of the Dungeon)
Jewellery
 g - an amulet of regeneration (around neck)
   (You found it on level 1 of the Dungeon)
Scrolls
 j - a scroll of butterflies
 m - a scroll of fear {unknown}
 o - a scroll of enchant armour {unknown}
 p - a scroll of revelation {unknown}
 q - a scroll of summoning {unknown}
Potions
 e - 2 potions of haste
 h - 2 potions of berserk rage
 i - 2 potions of brilliance
 k - 2 potions of curing
 r - 2 potions of might {unknown}
 s - a potion of magic {unknown}


   Skills:
 + Level 3.7 Fighting
 * Level 6.8 Ranged Weapons
 - Level 2.4 Dodging
 + Level 3.4 Stealth


You had 4 spell levels left.
You didn't know any spells.
Your spell library was empty.

Dungeon Overview and Level Annotations

Branches:
Dungeon (4/15)
 Temple: D:4-7

Altars:
Cheibriados

Shops:
D:1 *


Innate Abilities, Weirdness & Mutations

You are small and have problems with some larger weapons.
You are completely attuned to the shadows.


Message History

A hobgoblin and 2 goblins come into view.
A goblin is wielding a +2 dagger of protection.
The goblin shouts! x2; The hobgoblin shouts!
Found a lumpy orange potion and a scroll labelled GELARR PUMA.
You shoot an arrow.
The arrow hits the goblin but does no damage.
You shoot an arrow. The arrow barely misses the goblin.
The arrow hits the goblin!
You kill the goblin!
A goblin comes into view. It is wielding a +0 dagger.
The goblin barely misses you.
You shoot an arrow. The arrow hits the goblin.
The goblin is heavily wounded.
You shoot an arrow. The arrow hits the goblin.
The goblin is severely wounded.
The goblin hits you with a +0 dagger. The hobgoblin closely misses you.
The goblin barely misses you. The hobgoblin barely misses you.
You take 2 damage.
The goblin hits you but does no damage.
The hobgoblin attacks as it pursues you!
The hobgoblin hits you.
There is an open door here.
The goblin attacks as it pursues you! The goblin completely misses you.
You shoot an arrow. The arrow closely misses the goblin.
The arrow hits the hobgoblin but does no damage.
You shoot an arrow. The arrow closely misses the goblin.
The arrow hits the hobgoblin but does no damage.
The goblin hits you with a +0 dagger. x2
You take 5 damage.
You shoot an arrow. The arrow closely misses the goblin.
The arrow hits the hobgoblin.
The hobgoblin is heavily wounded.
The goblin misses you.
You shoot an arrow. The arrow hits the goblin.
You kill the goblin!
You shoot an arrow. The arrow barely misses the hobgoblin.
The arrow barely misses the goblin.
The hobgoblin closely misses you.
You shoot an arrow.
The arrow hits the hobgoblin but does no damage.
The hobgoblin is heavily wounded.
The hobgoblin hits you. The hobgoblin barely misses you.
You take 3 damage.
You shoot an arrow. The arrow hits the hobgoblin!
You kill the hobgoblin!
You shoot an arrow. The arrow hits the goblin.
You kill the goblin!
Things that are here:
a +0 dagger; a +0 dagger; a goblin corpse
There is an open door here.
There is an open door here.
Found a dagger.
You see here a +2 dagger of protection.
n - a +2 dagger of protection You now have 66 gold pieces (gained 11).
o - a scroll labelled GELARR PUMA
i - 2 lumpy orange potions (gained 1)
You now have 73 gold pieces (gained 7).
You drop a +0 dagger.
You don't know any spells.
You start removing your amulet.
You continue removing your amulet of regeneration. x4
You finish removing your amulet of regeneration.
You start putting on your amulet.
You continue putting on your amulet of regeneration. x5
You finish putting on your amulet of regeneration.
g - an amulet of regeneration (around neck)
The amulet throbs as it attunes itself to your uninjured body.
You don't know any spells.
Okay, then.
Unknown command.
Unknown command.
Unknown command.
Adjust (i)tems, (s)pells, or (a)bilities?
n - a +2 dagger of protection Adjust to which letter? (? for menu, Esc to quit)
b - a +2 dagger of protection Your +2 dagger of protection hums with potential!
b - a +2 dagger of protection (weapon)
Your +2 dagger of protection goes still.
a - a +0 shortbow (weapon)
There is an open door here.
There is an open door here.
You enter the shallow water.
Moving in this stuff is going to be slow.
You enter the shallow water.
Moving in this stuff is going to be slow.
You enter the shallow water.
Moving in this stuff is going to be slow.
You see here a hobgoblin skeleton.
You enter the shallow water.
Moving in this stuff is going to be slow.
Done exploring.
Done exploring.
There is a stone staircase leading down here.
As you read the scroll labelled WAMYUGRUSURAG, it crumbles to dust.
It is a scroll of identify.
e - a potion of haste
As you read the scroll of identify, it crumbles to dust.
h - 2 potions of berserk rage
As you read the scroll of identify, it crumbles to dust.
k - 2 potions of curing
There is a stone staircase leading down here.
You climb downwards.
There is a stone staircase leading up here.
You open the door.
A hobgoblin comes into view.
There is an open door here.
You shoot an arrow. The arrow hits the hobgoblin.
The hobgoblin shouts!
The hobgoblin is severely wounded.
You shoot an arrow.
The arrow hits the hobgoblin but does no damage.
The hobgoblin is severely wounded.
You shoot an arrow. The arrow hits the hobgoblin!
You kill the hobgoblin!
You see here a hobgoblin corpse.
Found an escape hatch in the ceiling.
There is an escape hatch in the ceiling here.
Found a stone staircase leading down.
Found a whip.
There is a stone staircase leading down here.
An orc comes into view. It is wielding a +0 flail.
The orc moves out of view.
The orc shouts!
You shoot an arrow. The arrow closely misses the orc.
A quokka comes into view.
The orc hits you with a +0 flail.
You take 3 damage.
You shoot an arrow. The arrow hits the orc!
You kill the orc!
The quokka barely misses you.
You shoot an arrow. The arrow closely misses the quokka.
The quokka barely misses you.
You shoot an arrow. The arrow hits the quokka!
You kill the quokka!
Things that are here:
a +0 flail; a quokka corpse; an orc corpse A rat comes into view.
You shoot an arrow. The arrow hits the rat.
You kill the rat!
A ball python comes into view.
You shoot an arrow.
The arrow barely misses the ball python.
The ball python misses you. The ball python grabs you.
The ball python constricts you.
You take 1 damage.
You shoot an arrow.
The arrow barely misses the ball python.
The ball python completely misses you. The ball python constricts you.
You shoot an arrow. The arrow hits the ball python!
You kill the ball python!
You see here a ball python corpse.
A giant cockroach comes into view.
You shoot an arrow. The arrow hits the giant cockroach!
You kill the giant cockroach!
You see here a rat corpse.
Found a short sword.
You open the door.
There is an open door here.
Found a buckler.
You see here a +0 buckler.
f - a +0 buckler A goblin comes into view.
It is wielding a +2 dagger of venom.
You shoot an arrow. The arrow hits the goblin!
You kill the goblin!
You now have 84 gold pieces (gained 11).
Things that are here:
a +2 dagger of venom; a goblin corpse
n - a +2 dagger of venom You drop a +2 dagger of protection.
Adjust (i)tems, (s)pells, or (a)bilities?
n - a +2 dagger of venom Adjust to which letter? (? for menu, Esc to quit)
b - a +2 dagger of venom As you open the door, it creaks loudly!
There is an open door here.
You now have 95 gold pieces (gained 11).
e - 2 potions of haste (gained 1)
Found a stone staircase leading down.
There is a stone staircase leading down here.
An adder and a gnoll come into view.
The gnoll is wielding a +0 spear and quivering 2 throwing nets.
You shoot an arrow. The arrow hits the gnoll!
The gnoll is heavily wounded.
The adder hisses angrily.
You hear a shout!
You shoot an arrow. The arrow barely misses the adder.
The arrow hits the gnoll.
The gnoll is almost dead.
You hear a shout!
You shoot an arrow. The arrow hits the adder.
The adder is moderately wounded.
The adder bites you but does no damage.
A gnoll bouda comes into view. It is wielding a +0 club.
The adder closely misses you. The gnoll hits you but does no damage.
The gnoll bouda barks out a call to the hunt!
The gnoll picks up the pace!
You shoot an arrow. The arrow hits the adder!
You kill the adder!
The gnoll closely misses you.
You shoot an arrow. The arrow hits the gnoll.
You kill the gnoll!
You shoot an arrow. The arrow hits the gnoll bouda!
The gnoll bouda is moderately wounded.
You shoot an arrow. The arrow hits the gnoll bouda!
The gnoll bouda is severely wounded.
The gnoll bouda hits you with a +0 club!
You take 10 damage.
You shoot an arrow. The arrow hits the gnoll bouda.
The gnoll bouda is almost dead.
The gnoll bouda hits you but does no damage.
You shoot an arrow.
The arrow closely misses the gnoll bouda.
The gnoll bouda mumbles some strange prayers to its god.
The gnoll bouda is healed somewhat.
You shoot an arrow.
The arrow barely misses the gnoll bouda.
The gnoll bouda hits you with a +0 club.
The gnoll bouda utters an invocation to its god.
The gnoll bouda is healed somewhat.
You take 3 damage.
You shoot an arrow. The arrow hits the gnoll bouda.
The gnoll bouda is heavily wounded.
The gnoll bouda hits you with a +0 club.
You take 1 damage.
You shoot an arrow. The arrow hits the gnoll bouda.
The gnoll bouda is almost dead.
The gnoll bouda completely misses you.
A gnoll comes into view. It is wielding a +0 spear.
You shoot an arrow.
The arrow hits the gnoll bouda but does no damage.
The gnoll bouda is almost dead.
The gnoll bouda misses you.
You shoot an arrow. The arrow hits the gnoll bouda.
The gnoll bouda is almost dead.
The gnoll bouda hits you with a +0 club.
The gnoll hits you from afar with a +0 spear.
You take 5 damage.
You are too injured to fight recklessly!
Fire: a) +0 shortbow
Press: ? - help, Q - select action, (/) - cycle Shift-Dir - straight line, f/p - gnoll bouda
Aim: a gnoll bouda, wielding a +0 club and wearing a +0 leather armour (almost dead, 69% to hit)
You shoot an arrow. The arrow hits the gnoll bouda.
You kill the gnoll bouda!
The gnoll closely misses you.
Your Stealth skill increases to level 3!
You have reached level 5!
You feel clever.
Fire: a) +0 shortbow
Press: ? - help, Q - select action, (/) - cycle Shift-Dir - straight line, f - gnoll
Aim: a gnoll, wielding a +0 spear (covering ground quickly, 69% to hit)
You shoot an arrow. The arrow closely misses the gnoll.
The gnoll hits you from afar with a +0 spear.
* * * LOW HITPOINT WARNING * * *
You take 5 damage.
Fire: a) +0 shortbow
Press: ? - help, Q - select action, (/) - cycle Shift-Dir - straight line, f/p - gnoll
Aim: a gnoll, wielding a +0 spear (covering ground quickly, 69% to hit)
You shoot an arrow. The arrow hits the gnoll.
The gnoll is lightly wounded.
The gnoll is no longer moving quickly.
The gnoll barely misses you.
Fire: a) +0 shortbow
Press: ? - help, Q - select action, (/) - cycle Shift-Dir - straight line, f/p - gnoll
Aim: a gnoll, wielding a +0 spear (lightly wounded, 69% to hit)
You shoot an arrow.
The arrow hits the gnoll but does no damage.
The gnoll is lightly wounded.
The gnoll barely misses you.
Fire: a) +0 shortbow
Press: ? - help, Q - select action, (/) - cycle Shift-Dir - straight line, f/p - gnoll
Aim: a gnoll, wielding a +0 spear (lightly wounded, 69% to hit)
You shoot an arrow. The arrow closely misses the gnoll.
The gnoll hits you from afar with a +0 spear.
You take 2 damage.
Fire: a) +0 shortbow
Press: ? - help, Q - select action, (/) - cycle Shift-Dir - straight line, f/p - gnoll
Aim: a gnoll, wielding a +0 spear (lightly wounded, 69% to hit)
You shoot an arrow. The arrow closely misses the gnoll.
The gnoll hits you from afar with a +0 spear.
* * * LOW HITPOINT WARNING * * *
You take 3 damage.
Fire: a) +0 shortbow
Press: ? - help, Q - select action, (/) - cycle Shift-Dir - straight line, f/p - gnoll
Aim: a gnoll, wielding a +0 spear (lightly wounded, 69% to hit)
You shoot an arrow. The arrow hits the gnoll.
The gnoll is heavily wounded.
The gnoll closely misses you.
The gnoll hits you from afar with a +0 spear.
* * * LOW HITPOINT WARNING * * *
Fire: a) +0 shortbow
Press: ? - help, Q - select action, (/) - cycle Shift-Dir - straight line, f/p - gnoll
Aim: a gnoll, wielding a +0 spear (heavily wounded, 69% to hit)
You shoot an arrow.
The arrow hits the gnoll but does no damage.
The gnoll is heavily wounded.
The gnoll hits you from afar with a +0 spear.
* * * LOW HITPOINT WARNING * * *
Fire: a) +0 shortbow
Press: ? - help, Q - select action, (/) - cycle Shift-Dir - straight line, f/p - gnoll
Aim: a gnoll, wielding a +0 spear (heavily wounded, 69% to hit)
You shoot an arrow. The arrow closely misses the gnoll.
The gnoll hits you from afar with a +0 spear.
* * * LOW HITPOINT WARNING * * *
Fire: a) +0 shortbow
Press: ? - help, Q - select action, (/) - cycle Shift-Dir - straight line, f/p - gnoll
Aim: a gnoll, wielding a +0 spear (heavily wounded, 69% to hit)
You shoot an arrow. The arrow hits the gnoll.
The gnoll is severely wounded.
The gnoll hits you from afar with a +0 spear.
* * * LOW HITPOINT WARNING * * *
You take 4 damage.
Fire: a) +0 shortbow
Press: ? - help, Q - select action, (/) - cycle Shift-Dir - straight line, f/p - gnoll
Aim: a gnoll, wielding a +0 spear (severely wounded, 69% to hit)
You shoot an arrow. The arrow hits the gnoll!
You kill the gnoll!
You start resting.
HP restored.
Items here: ) [ ††.
A gnoll comes into view. It is wielding a +0 spear.
Things that are here:
a +0 spear; a +0 spear; 2 throwing nets You shoot an arrow.
The arrow barely misses the gnoll.
The gnoll shouts!
The gnoll barely misses you.
You shoot an arrow.
The arrow hits the gnoll but does no damage.
The gnoll completely misses you. The gnoll closely misses you.
You shoot an arrow.
The arrow hits the gnoll but does no damage.
The gnoll closely misses you.
You shoot an arrow. The arrow hits the gnoll.
The gnoll is moderately wounded.
The gnoll hits you from afar with a +0 spear.
You take 3 damage.
You shoot an arrow. The arrow barely misses the gnoll.
The gnoll barely misses you.
You shoot an arrow. The arrow hits the gnoll!
You kill the gnoll!
n - 2 throwing nets
Things that are here:
a +0 spear; a +0 spear
Things that are here:
a +0 spear; a gnoll corpse
Found a stone staircase leading up.
There is a stone staircase leading up here.
p - a scroll of identify
As you read the scroll of identify, it crumbles to dust.
i - 2 potions of brilliance
Found a dagger.
You see here a +0 dagger.
Found a snail-covered altar of Cheibriados.
Found a scroll labelled ROJAJOGARA.
p - a scroll labelled JEW ZOMARULUJ
Found 2 orange potions.
There is a snail-covered altar of Cheibriados here.
Found a lumpy sapphire potion.
q - a scroll labelled ROJAJOGARA
There is a snail-covered altar of Cheibriados here.
You kneel at the altar of Cheibriados.
Unknown command.
Press < or > to pray at altars.
r - 2 orange potions
s - a lumpy sapphire potion You open the door.
There is an open door here.
You now have 110 gold pieces (gained 15).
There is an open door here.
You open the door.
There is an open door here.
You see here a ball python skeleton.
You now have 121 gold pieces (gained 11).
An orc comes into view. It is wielding a +2 mace of holy wrath.
You shoot an arrow. The arrow closely misses the orc.
The orc shouts!
You shoot an arrow. The arrow hits the orc!
You kill the orc!
Things that are here:
a +2 mace of holy wrath; a +0 leather armour; an orc corpse A hobgoblin comes into view.
You shoot an arrow. The arrow hits the hobgoblin.
The hobgoblin shouts!
The hobgoblin is moderately wounded.
You shoot an arrow. The arrow hits the hobgoblin.
You kill the hobgoblin!
Things that are here:
a +2 mace of holy wrath; a +0 leather armour; an orc corpse
There is an open door here.
A rat comes into view.
You shoot an arrow. The arrow hits the rat!
You kill the rat!
You see here a rat corpse.
Found a stone staircase leading down.
Found an escape hatch in the floor.
There is a stone staircase leading down here.
You see here a rat skeleton.
d - 45 stones (gained 7)
You open the door.
There is an open door here.
You now have 124 gold pieces (gained 3).
Done exploring.
Done exploring.
There is an open door here.
There is an open door here.
There is an open door here.
There is an escape hatch in the ceiling here.
A mysterious force pulls you upwards. The hatch slams shut behind you.
There is a stone staircase leading down here.
You climb downwards.
There is a stone staircase leading up here.
There is a stone staircase leading down here.
You climb downwards.
You hear the sound of rushing water.
There is an entrance to a sewer on this level.
Hurry and find it before the portal rusts away!
Found 5 stones.
There is a stone staircase leading up here.
d - 50 stones (gained 5)
Found a stone staircase leading down.
There is a stone staircase leading down here.
A hobgoblin comes into view.
You shoot an arrow.
The arrow hits the hobgoblin but does no damage.
The hobgoblin shouts!
You hear a shout!
You shoot an arrow. The arrow barely misses the hobgoblin.
A centaur comes into view.
You shoot an arrow. The arrow hits the hobgoblin.
You kill the hobgoblin!
You shoot an arrow.
The arrow hits the centaur but does no damage.
The centaur wields a +0 shortbow.
The centaur shoots an arrow.
The arrow hits you!
The centaur shoots an arrow.
The arrow misses you.
You take 11 damage.
The centaur unwields a +0 shortbow.
The centaur hits you but does no damage.
The centaur kicks you.
You take 1 damage.
You shoot an arrow.
The arrow hits the centaur but does no damage.
The centaur hits you but does no damage.
The centaur barely misses you.
The centaur hits you but does no damage.
The centaur completely misses you.
You shoot an arrow. The arrow hits the centaur!
The centaur is heavily wounded.
The centaur hits you. The centaur barely misses you. The centaur hits you.
The centaur kicks you.
You take 7 damage.
You are too injured to fight recklessly!
You are too injured to fight recklessly!
Fire: a) +0 shortbow
Press: ? - help, Q - select action, (/) - cycle Shift-Dir - straight line, f/p - centaur
Aim: a centaur (moderately wounded, 75% to hit)
You shoot an arrow.
The arrow hits the centaur but does no damage.
The centaur is moderately wounded.
The centaur completely misses you.
The centaur kicks you but does no damage.
Fire: a) +0 shortbow
Press: ? - help, Q - select action, (/) - cycle Shift-Dir - straight line, f/p - centaur
Aim: a centaur (moderately wounded, 75% to hit)
You shoot an arrow. The arrow hits the centaur.
The centaur is heavily wounded.
The centaur closely misses you. x2; The centaur hits you.
The centaur misses you.
Fire: a) +0 shortbow
Press: ? - help, Q - select action, (/) - cycle Shift-Dir - straight line, f/p - centaur
Aim: a centaur (heavily wounded, 75% to hit)
You shoot an arrow. The arrow hits the centaur.
The centaur is severely wounded.
You hear the slow rusting of a very distant drain.
The centaur hits you.
* * * LOW HITPOINT WARNING * * *
The centaur kicks you but does no damage.
The centaur closely misses you. x2
You take 3 damage.
Fire: a) +0 shortbow
Press: ? - help, Q - select action, (/) - cycle Shift-Dir - straight line, f/p - centaur
Aim: a centaur (severely wounded, 75% to hit)
You shoot an arrow.
The arrow hits the centaur but does no damage.
The centaur is severely wounded.
The centaur barely misses you.
The centaur kicks you but does no damage.
Fire: a) +0 shortbow
Press: ? - help, Q - select action, (/) - cycle Shift-Dir - straight line, f/p - centaur
Aim: a centaur (severely wounded, 75% to hit)
You shoot an arrow. The arrow hits the centaur.
The centaur is severely wounded.
The centaur hits you.
* * * LOW HITPOINT WARNING * * *
The centaur barely misses you. The centaur hits you.
* * * LOW HITPOINT WARNING * * *
The centaur kicks you.
* * * LOW HITPOINT WARNING * * *
You take 11 damage.
Fire: a) +0 shortbow
Press: ? - help, Q - select action, (/) - cycle Shift-Dir - straight line, f/p - centaur
Aim: a centaur (severely wounded, 75% to hit)
You shoot an arrow. The arrow barely misses the centaur.
The centaur hits you.
You die...

........## #...#.......
#.....## #....#......
#....## #...##......
##....### #...........
..........##...........
.......##..#.#####...##
....<### ^...#####.....
.....# ....#....>##..
.....# ...c@.###..##.
##.... ..###.##..##
..... #.###..#
##..#..### ...........#
............
.#..........
#..##...... .. .#.....


You could see a centaur.

Vanquished Creatures
  A gnoll bouda (D:3)
  3 gnolls (D:3)
  3 adders
  2 ribbon worms (D:2)
  2 orcs (D:3)
  7 ball pythons
  2 endoplasms (D:2)
  A giant cockroach (D:3)
  10 hobgoblins
  2 quokkas
  2 bats (D:1)
  4 frilled lizards
  5 goblins
  4 rats
48 creatures vanquished.

Notes
Turn   | Place    | Note
-------+----------+-------------------------------------------
     0 | D:1      | RaineAsh the Kobold Hunter began the quest for the Orb.
     0 | D:1      | Reached XP level 1. HP: 12/12 MP: 1/1
   158 | D:1      | Found a faded altar of an unknown god.
   204 | D:1      | Found Vadereac's Assorted Antiques.
   291 | D:1      | Reached XP level 2. HP: 18/18 MP: 2/2
  1175 | D:2      | Reached XP level 3. HP: 22/23 MP: 3/3
  1179 | D:2      | You fall into a shaft and drop 1 floor!
  1559 | D:2      | Reached skill level 6 in Ranged Weapons
  1946 | D:2      | Reached XP level 4. HP: 28/28 MP: 4/4
  2362 | D:3      | Reached XP level 5. HP: 17/32 MP: 5/5
  2362 | D:3      | HP: 12/32 [gnoll/+0 spear[a gnoll bouda] (6)]
  2367 | D:3      | HP: 10/32 [gnoll/+0 spear[a gnoll bouda] (1)]
  2527 | D:3      | Found a snail-covered altar of Cheibriados.
  3426 | D:4      | Noticed a centaur
  3434 | D:4      | HP: 13/33 [centaur (5)]
  3436 | D:4      | HP: 4/33 [centaur (6)]
  3437 | D:4      | Slain by a centaur

Illustrated notes

Levels and vault maps discovered:
D:1:      ncdulo_watergridlock, layout_loops_corners, serial_shops,
          nicolae_shop_dealshenge, hellmonk_ecumenical_altar_leap_of_faith
D:2:      layout_loops_ring, serial_bayou, serial_bayou_lagoon_a,
          serial_bayou_shore_b, serial_bayou_shore_b, serial_bayou_crossing,
          minmay_goblin_kobold_house
D:3:      layout_basic, mainiacjoe_overflow_tiny_flanked, patterned_corridor
D:4:      kennysheep_the_goblin_king, layout_cave_pools, serial_shops,
          nicolae_shop_tiny_glass, gup_sewer_entry_pipe

Skill      XL: |  1  2  3  4 |
---------------+-------------+-----
Stealth        | 2 3 |  3.4
Fighting       | 3 |  3.7
Ranged Weapons | 6 |  6.8
Dodging        | |  2.4

Action                     |  1- 3 |  4- 6 || total
---------------------------+-------+-------++-------
   Fire: Shortbow          |    95 |    76 ||   171
    Use: Scroll            |       |     4 ||     4
 Armour: Leather armour    |    26 |    42 ||    68
  Dodge: Dodged            |    37 |    39 ||    76

Table legend: (Time is in decaauts)
 A = Elapsed time spent in this place.
 B = Non-inter-level travel time spent in this place.
 C = Inter-level travel time spent in this place.
 D = Time resting spent in this place.
 E = Time spent auto-exploring this place.
 F = Levels seen in this place.
 G = Mean time per level.
                   A        B        C        D        E       F      G
               +--------+--------+--------+--------+--------+-----+--------+
         Total |   3478 |   3315 |    163 |     23 |   2886 |   4 |  869.5 |
       Dungeon |   3478 |   3315 |    163 |     23 |   2886 |   4 |  869.5 |
               +--------+--------+--------+--------+--------+-----+--------+

Top non-repeatable levels by time:
     D:3: 1343 daAuts
     D:2: 1043 daAuts
     D:1: 1038 daAuts
     D:4: 53 daAuts

Table legend: (Time is in decaauts)
 A = Elapsed time spent in this place.
 B = Non-inter-level travel time spent in this place.
 C = Inter-level travel time spent in this place.
 D = Time resting spent in this place.
 E = Time spent auto-exploring this place.
 F = Levels seen in this place.
 G = Mean time per level.
                   A        B        C        D        E       F      G
               +--------+--------+--------+--------+--------+-----+--------+
         Total |   3478 |   3315 |    163 |     23 |   2886 |   4 |  869.5 |
       Dungeon |   3478 |   3315 |    163 |     23 |   2886 |   4 |  869.5 |
               +--------+--------+--------+--------+--------+-----+--------+

Top non-repeatable levels by time:
     D:3: 1343 daAuts
     D:2: 1043 daAuts
     D:1: 1038 daAuts
     D:4: 53 daAuts

Table legend:
 A = Kills in this place as a percentage of kills in the entire game.
 B = Kills by you in this place as a percentage of kills by you in the entire game.
 C = Kills by friends in this place as a percentage of kills by friends in the entire game.
 D = Other kills in this place as a percentage of other kills in the entire game.
 E = Experience gained in this place as a percentage of experience gained in the entire game.
 F = Experience gained in this place divided by the number of levels of this place that you have seen.
                   A       B       C       D       E      F
               +-------+-------+-------+-------+-------+----------------------
         Total | 100.0 | 100.0 |   N/A |   N/A | 100.0 |  49.0
       Dungeon | 100.0 | 100.0 |   N/A |   N/A | 100.0 |  49.0
               +-------+-------+-------+-------+-------+----------------------
